AoeStats
← Camila Lobao

Arabia

510046295Analyzed
3v3 RM · 5d ago on Sep 29, 2026· 21m 6s· 6 players
Game mode
Random Map
Map size
Normal (6 player)
Population
200
Speed
Normal
Resources
Standard
Victory
Conquest
Starting age
Dark Age
Ending age
Imperial Age
RankedLock teamsTeams togetherTeam positionsShared explorationLock speedFull tech treeHidden civsTurbo modeCheats
Victory
Defeat
🇲🇽 Maya · Mexico
1205
+10
🇲🇽 Wu · Mexico
1164
+11
1153
+12
🇧🇷 Celts · Brazil
1062
-11
🇧🇷 Georgians · Brazil
1062
-11
🇧🇷 Britons · Brazil
1062
-11
سلام عليكم Salam Alaiku
7:14 Loom
10:03 Feudal Age
10:54 Double-Bit Axe
13:32 Fletching
16:29 Padded Archer Armor
EssLaBoa
0:31 Loom
12:14 Feudal Age
16:19 Castle Age
14:20 Double-Bit Axe
17:36 Town Watch
18:28 Wheelbarrow
17:40 Horse Collar
18:10 Bow Saw
20:14 Fletching
20:35 Gold Mining
harry_mas0n
12:45 Feudal Age
12:46 Man-at-Arms
14:26 Loom
17:59 Wheelbarrow
21:06 Scale Barding Armor
hig_sfc
0:59 Loom
10:03 Feudal Age
10:43 Double-Bit Axe
16:49 Fletching
HeC_SantosFC
0:58 Loom
11:11 Feudal Age
13:43 Man-at-Arms
19:31 Arson
20:04 Double-Bit Axe
Camila Lobao
5:08 Loom
12:14 Feudal Age
12:16 Man-at-Arms
12:56 Double-Bit Axe
13:03 Double-Bit Axe
15:03 Forging
15:52 Scale Mail Armor
Connection lost

Rejoining the realm…

Still unreachable

The connection could not be restored.

Session expired

The server has moved on; the page needs a fresh start.